 Dungeon Crawl Stone Soup version 0.17.1-3-g152610e (webtiles) character file.

8843 Jerry the Cleaver (level 11, -5/82 HPs)
             Began as a Hill Orc Fighter on Mar 13, 2016.
             Slain by a blink frog (11 damage)
             ... on level 1 of the Lair of Beasts.
             The game lasted 00:46:07 (11614 turns).

Jerry the Cleaver (Hill Orc Fighter)               Turns: 11614, Time: 00:46:07

Health: -5/82      AC: 19    Str: 20    XL:     11   Next: 37%
Magic:  17/17      EV:  8    Int: 11    God:
Gold:   574        SH: 11    Dex: 10    Spells: 1 memorised, 18 levels left

rFire  . . .     SeeInvis .     a - +3 war axe
rCold  . . .     Clarity  .     b - +0 scale mail
rNeg   . . .     SustAt   +     c - +0 shield
rPois  .         Gourm    .     n - +2 helmet
rElec  .         Spirit   .     r - +0 cloak
rCorr  .         Warding  .     g - +0 pair of gloves
rMut   .         Stasis   .     k - +0 pair of boots
MR     .....                    (no amulet)
Stlth  ..........               h - +3 ring of protection
                                F - ring of sustain attributes

@: not resistant to hostile enchantments, extremely unstealthy
A: no striking features
a: no special abilities


You were on level 1 of the Lair of Beasts.
You were hungry.

You visited 3 branches of the dungeon, and saw 12 of its levels.
You also visited: Ossuary.

You collected 574 gold pieces.

Inventory:

Hand Weapons
 a - a +3 war axe (weapon)
Missiles
 I - 6 javelins of penetration (quivered)
Armour
 b - a +0 scale mail (worn)
 c - a +0 shield (worn)
 g - a +0 pair of gloves (worn)
 k - a +0 pair of boots (worn)
 n - a +2 helmet (worn)
 r - a +0 cloak (worn)
 D - a +0 plate armour
 Q - a troll hide
Jewellery
 h - a +3 ring of protection (right hand)
 i - an uncursed ring of fire
 j - an uncursed ring of stealth
 F - a ring of sustain attributes (left hand)
 L - an uncursed ring of fire
Wands
 p - a wand of frost (12)
 t - a wand of paralysis (13)
 H - a wand of flame (29)
 K - a wand of slowing (20)
 O - a wand of paralysis (12)
Scrolls
 d - a scroll of enchant armour {unknown}
 l - 6 scrolls of teleportation
 u - 8 scrolls of remove curse
 y - 3 scrolls of amnesia
 B - 2 scrolls of magic mapping
 G - 2 scrolls of recharging {unknown}
 M - 2 scrolls of identify
 N - a scroll of summoning {unknown}
 R - a scroll of blinking {unknown}
Potions
 f - a potion of magic {unknown}
 m - a potion of haste {unknown}
 o - a potion of mutation {unknown}
 q - 2 potions of brilliance {unknown}
 v - 4 potions of curing
 w - a potion of cure mutation {unknown}
 x - 4 potions of heal wounds {unknown}
 z - 2 potions of beneficial mutation {unknown}
 A - 3 potions of agility {unknown}
Books
 s - Fyhaj's Reference Book on Creative Talismans
   (You found it on level 6 of the Dungeon)

   Spells                             Type                      Level
   a - Infusion                       Charms                       1
   b - Summon Small Mammal            Summoning                    1
   c - Spectral Weapon                Hexes/Charms                 3
   d - Summon Forest                  Summoning/Translocation      5
   e - Deflect Missiles               Charms/Air                   6
Comestibles
 e - 6 bread rations
 C - 24 fruits
 E - 9 meat rations
 J - a slice of pizza
 P - 6 beef jerkies


   Skills:
 - Level 3.6 Fighting
 + Level 11.7 Axes
 + Level 10.1 Armour
 + Level 10.0 Shields
 + Level 4.5 Spellcasting
 + Level 5.3 Charms


You had 18 spell levels left.
You knew the following spells:

 Your Spells              Type           Power        Failure   Level  Hunger
a - Infusion              Chrm           ##....       14%         1    #......


Dungeon Overview and Level Annotations

Branches:
Dungeon (10/15)            Temple (1/1) D:5            Lair (1/8) D:10
    Orc: D:9-12

Altars:
Ashenzari
Cheibriados
Dithmenos
Elyvilon
Fedhas
Gozag
Kikubaaqudgha
Makhleb
Nemelex Xobeh
Okawaru
Qazlal
Ru
Sif Muna
Trog
Vehumet
Xom
Yredelemnul
Zin
The Shining One


Message History

You miss the blink frog.
The blink frog is heavily wounded.
You hit the blink frog.
The blink frog is lightly wounded.
The blink frog hits you!
* * * LOW HITPOINT WARNING * * *
The blink frog blinks!
You block the blink frog's attack.
You hit the blink frog but do no damage.
The blink frog is heavily wounded.
You slash the blink frog!
The blink frog is heavily wounded.
The blink frog hits you but does no damage.
The blink frog hits you.
* * * LOW HITPOINT WARNING * * *
The blink frog blinks!
You block the blink frog's attack.
The blink frog momentarily phases out as your attack passes through it.
You hit the blink frog.
The blink frog is heavily wounded.
You block the blink frog's attack. The blink frog hits you!
You die...

.......................#
.......................#
..................F....#
........................
.......................#
.......................#
................?......#
............#.##F#.....#
..............##@......#
............##.F##.....#
............##>. .....#
############..## ##..# #
##. #.. # #


You could see 3 blink frogs.

Vanquished Creatures
  The ghost of subsebi the Spear-Bearer, a novice DsCK of Xom (D:8)
  Psyche (D:9)
  A komodo dragon (Lair:1)
  The ghost of jesusflecha the Destroyer, a novice HECj (D:6)
  A two-headed ogre (D:9)
  3 trolls
  6 blink frogs (Lair:1)
  Sigmund (D:2)
  5 yaks (D:9)
  Eustachio (D:4)
  A hippogriff (D:9)
  2 orc warriors (D:9)
  2 water moccasins (Lair:1)
  4 phantoms
  4 ogres
  2 ice beasts
  An eye of draining (D:9)
  6 giant frogs
  A big kobold (D:6)
  2 centaurs (D:7)
  A wyvern zombie (D:9)
  5 water moccasin zombies (Ossuary)
  A gnoll sergeant (D:5)
  3 killer bees (D:9)
  A scorpion (D:9)
  A water moccasin skeleton (D:9)
  2 electric eels (Lair:1)
  3 hounds
  A quasit (D:7)
  3 orc priests
  2 giant frog skeletons (D:4)
  A jelly (D:8)
  11 orc wizards
  6 crimson imps
  Crazy Yiuf (D:2)
  Ijyb (D:2)
  5 worker ants
  4 iguanas
  Natasha (thrice) (D:2)
  5 big kobold zombies (Ossuary)
  2 mummies (Ossuary)
  Robin (D:2)
  A worker ant zombie (D:7)
  16 adders
  13 gnolls
  2 shadow imps
  3 oozes (D:2)
  5 worms
  3 adder skeletons
  3 adder zombies
  6 giant geckos
  30 orcs
  3 ball pythons
  4 bats (D:1)
  4 giant cockroaches
  3 gnoll zombies (Ossuary)
  13 hobgoblins
  9 jackals
  3 quokkas
  A giant gecko skeleton (D:4)
  12 giant newts
  14 goblins
  5 hobgoblin zombies (Ossuary)
  A jackal zombie (D:5)
  8 kobolds
  3 kobold zombies (Ossuary)
  4 orc zombies (Ossuary)
  A quokka zombie (D:8)
  7 rats
286 creatures vanquished.

Vanquished Creatures (others)
  A fungus (Lair:1)
  2 plants (Lair:1)
3 creatures vanquished.

Grand Total: 289 creatures vanquished

Notes
Turn   | Place    | Note
--------------------------------------------------------------
     0 | D:1      | Jerry the Hill Orc Fighter began the quest for the Orb.
     0 | D:1      | Reached XP level 1. HP: 19/19 MP: 1/1
   138 | D:1      | Reached XP level 2. HP: 15/26 MP: 2/2
   654 | D:1      | Reached XP level 3. HP: 31/31 MP: 3/3
   991 | D:2      | Noticed Natasha
   994 | D:2      | Killed Natasha
   994 | D:2      | Reached skill level 4 in Armour
   995 | D:2      | Noticed Sigmund
   996 | D:2      | Noticed Natasha
  1006 | D:1      | Reached XP level 4. HP: 20/39 MP: 4/4
  1261 | D:2      | Noticed Ijyb
  1273 | D:2      | Killed Ijyb
  1310 | D:2      | Noticed Robin
  1404 | D:2      | Reached XP level 5. HP: 36/45 MP: 5/5
  1410 | D:2      | Killed Natasha
  1415 | D:2      | Killed Robin
  1739 | D:2      | Killed Sigmund
  1739 | D:2      | Reached skill level 5 in Axes
  1739 | D:2      | Reached skill level 5 in Armour
  1739 | D:2      | Reached XP level 6. HP: 37/51 MP: 6/6
  1836 | D:2      | Reached skill level 5 in Shields
  2022 | D:2      | Noticed Crazy Yiuf
  2029 | D:2      | Killed Crazy Yiuf
  2188 | D:2      | Noticed Natasha
  2202 | D:2      | Killed Natasha
  2210 | D:2      | Reached skill level 6 in Axes
  2379 | D:3      | Reached XP level 7. HP: 55/57 MP: 7/7
  3032 | D:4      | Noticed Eustachio
  3069 | D:4      | Found a sand-covered staircase.
  3078 | Ossuary  | Entered an ossuary
  3290 | Ossuary  | Reached skill level 7 in Axes
  3523 | Ossuary  | Reached XP level 8. HP: 58/64 MP: 8/8
  4119 | D:4      | Killed Eustachio
  4119 | D:4      | Reached skill level 8 in Axes
  4238 | D:5      | Entered Level 5 of the Dungeon
  4276 | D:5      | Noticed a rust devil
  4696 | D:5      | Found a staircase to the Ecumenical Temple.
  4705 | Temple   | Entered the Ecumenical Temple
  4913 | D:5      | Noticed an angel
  5300 | D:6      | Identified Fyhaj's Reference Book on Creative Talismans
  5303 | D:6      | Learned a level 1 spell: Infusion
  5338 | D:6      | Reached XP level 9. HP: 66/70 MP: 9/9
  5464 | D:6      | Reached skill level 9 in Axes
  5464 | D:6      | Reached skill level 1 in Charms
  5493 | D:6      | Noticed jesusflecha's ghost (novice HECj)
  5506 | D:6      | Killed jesusflecha's ghost
  6260 | D:7      | Reached skill level 1 in Spellcasting
  7047 | D:8      | Reached skill level 10 in Axes
  7269 | D:8      | Reached XP level 10. HP: 74/77 MP: 13/13
  7627 | D:8      | Noticed subsebi's ghost (novice DsCK)
  7661 | D:8      | Killed subsebi's ghost
  8940 | D:9      | Found a shadowy altar of Dithmenos.
  9020 | D:9      | Noticed Psyche
  9028 | D:9      | Paralysed by Psyche for 4 turns
  9032 | D:9      | Reached skill level 11 in Axes
  9042 | D:9      | Killed Psyche
  9538 | D:9      | Reached XP level 11. HP: 29/82 MP: 16/16
 10123 | D:9      | Reached skill level 5 in Charms
 10229 | D:10     | Entered Level 10 of the Dungeon
 10292 | D:10     | Found a staircase to the Lair.
 10317 | Lair:1   | Entered Level 1 of the Lair of Beasts
 10613 | Lair:1   | Reached skill level 10 in Armour
 11570 | Lair:1   | Reached skill level 10 in Shields
 11614 | Lair:1   | Slain by a blink frog

Action                   |  1- 3 |  4- 6 |  7- 9 | 10-12 || total
-------------------------+-------+-------+-------+-------++-------
Melee: War axe           |   106 |   148 |   612 |   421 ||  1287
Evoke: Wand              |       |       |     5 |       ||     5
  Use: Scroll            |       |     4 |    10 |       ||    14
       Potion            |       |     2 |       |     2 ||     4
  Eat: Chunk             |       |     5 |    11 |    12 ||    28
       Meat ration       |       |       |     1 |       ||     1
       Fruit             |       |       |       |     4 ||     4
